 Dungeon Crawl Stone Soup version 0.21.1-1-g345015f (webtiles) character file.

371 shakethe the Grave Robber (level 6, -2/44 HPs)
             Began as a Gnoll Necromancer on Feb 10, 2018.
             Slain by a wraith (9 damage)
             ... in an ossuary.
             The game lasted 00:10:55 (3729 turns).

shakethe the Grave Robber (Gnoll Necromancer)       Turns: 3729, Time: 00:10:56

Health: -2/44      AC: 10    Str: 13    XL:     6   Next: 70%
Magic:  11/14      EV: 14    Int: 17    God:
Gold:   141        SH:  0    Dex: 15    Spells: 8/15 levels left

rFire    . . .     SeeInvis +   o - -1 flail (curse)
rCold    . . .     Gourm    +   (no shield)
rNeg     . . .     Faith    .   d - +0 leather armour (curse)
rPois    .         Spirit   .   (no helmet)
rElec    .         Reflect  .   n - +0 cloak
rCorr    .         Harm     .   (no gloves)
MR       .....                  (no boots)
Stlth    +++.......             g - amulet of the gourmand {Gourm, !d}
HPRegen  1.14/turn              r - ring of see invisible {sInv, !d}
MPRegen  0.14/turn              m - +6 ring of protection

@: regenerating, slowed, very slow
A: distributed training, fangs 1, strong nose
a: no special abilities


You were in an ossuary.
You were very full.

You visited 1 branch of the dungeon, and saw 4 of its levels.
You also visited: Ossuary.

You collected 141 gold pieces.

Inventory:

Hand Weapons
 o - a cursed -1 flail (weapon)
   (You found it on level 2 of the Dungeon)
 u - a +0 flail
   (You took it off an orc on level 4 of the Dungeon)
Armour
 a - a +0 robe
 d - a cursed +0 leather armour (worn)
   (You found it on level 1 of the Dungeon)
 n - a +0 cloak (worn)
   (You found it on level 2 of the Dungeon)
 q - a +0 ring mail
   (You found it on level 3 of the Dungeon)
Jewellery
 g - an amulet of the gourmand (around neck) {Gourm, !d}
   (You found it on level 1 of the Dungeon)
 m - a +6 ring of protection (right hand)
   (You found it on level 2 of the Dungeon)
 r - a ring of see invisible (left hand) {sInv, !d}
   (You found it on level 2 of the Dungeon)
Wands
 e - a wand of flame (20)
   (You took it off Jessica on level 3 of the Dungeon)
 p - a wand of clouds (4)
   (You found it on level 2 of the Dungeon)
Scrolls
 l - a scroll of fog
 s - 3 scrolls of identify {unknown}
 x - a scroll of random uselessness {unknown}
 y - a scroll of blinking {unknown}
 A - a scroll of amnesia
Potions
 f - a potion of might
 h - a potion of degeneration {unknown}
 i - 2 potions of agility {unknown}
 j - 2 potions of resistance {unknown}
 k - a potion of heal wounds
 t - 2 potions of curing {unknown}
 w - a potion of brilliance {unknown}
 z - 2 potions of cancellation {unknown}
Books
 b - a book of Necromancy
 v - a book of Frost
   (You found it on level 4 of the Dungeon)
Comestibles
 c - 8 rations


   Skills:
 + Level 2.0 Fighting
 + Level 2.0 Short Blades
 + Level 2.0 Long Blades
 + Level 2.0 Axes
 + Level 2.0 Maces & Flails
 + Level 2.0 Polearms
 + Level 2.0 Staves
 + Level 2.0 Slings
 + Level 2.0 Bows
 + Level 2.0 Crossbows
 + Level 2.0 Throwing
 + Level 2.0 Armour
 + Level 5.0 Dodging
 + Level 4.6 Stealth
 + Level 2.0 Shields
 + Level 2.0 Unarmed Combat
 + Level 5.4 Spellcasting
 + Level 1.6 Conjurations
 + Level 1.6 Hexes
 + Level 1.6 Charms
 + Level 1.6 Summonings
 + Level 7.3 Necromancy
 + Level 1.6 Translocations
 + Level 1.6 Transmutations
 + Level 1.6 Fire Magic
 + Level 1.6 Ice Magic
 + Level 1.6 Air Magic
 + Level 1.6 Earth Magic
 + Level 1.6 Poison Magic
 + Level 2.2 Invocations
 + Level 2.0 Evocations


You had 8 spell levels left.
You knew the following spells:

 Your Spells              Type           Power        Failure   Level  Hunger
a - Pain                  Necr           ####         1%          1    None
r - Regeneration          Chrm/Necr      ###.......   9%          3    ##.....
x - Vampiric Draining     Necr           ####......   2%          3    ##.....


Dungeon Overview and Level Annotations

Branches:
Dungeon (4/15)
 Temple: D:4-7

Altars:
Sif Muna
The Shining One


Innate Abilities, Weirdness & Mutations

Your experience applies equally to all skills.
You have very sharp teeth.
Your uncanny sense of smell can sniff out nearby items.


Message History

No target in view!
No target in view!
No target in view!
No target in view!
You open the door.
There is an open door here.
j - 2 fuming emerald potions (gained 1)
There is an open door here.
The hobgoblin zombie is too close now for your liking.
Health restored: 44 You hit the hobgoblin zombie.
The hobgoblin zombie hits you but does no damage.
You hit the hobgoblin zombie. Your bite misses the hobgoblin zombie.
The hobgoblin zombie barely misses you.
You hit the hobgoblin zombie.
You destroy the hobgoblin zombie!
No target in view!
No target in view!
No target in view!
No target in view!
No target in view!
No target in view!
No target in view!
No target in view!
No target in view!
No target in view!
No target in view!
No target in view!
No target in view!
No target in view!
No target in view!
You open the door.
There is an open door here.
t - 2 inky potions (gained 1)
There is an open door here.
You open the door.
A wraith comes into view.
You barely miss the wraith. The wraith hits you. The wraith drains your vigour!
You feel yourself slow down. The wraith barely misses you.
You take 4 damage, and have 40/44 hp.
You closely miss the wraith. The wraith closely misses you.
The wraith hits you. The wraith drains your vigour!
You feel as though you will be slow longer.
You take 6 damage, and have 34/44 hp.
You hit the wraith. The wraith hits you. The wraith drains your vigour!
You feel as though you will be slow longer.
The wraith misses you.
You take 3 damage, and have 31/44 hp.
Your skin crawls.
The wraith barely misses you.
You regained 2 hp, and now have 33/44 hp.
You now have 11/14 mp.
You barely miss the wraith. The wraith hits you but does no damage.
The wraith completely misses you.
You regained 2 hp, and now have 35/44 hp.
You closely miss the wraith. Your bite misses the wraith.
The wraith closely misses you. The wraith hits you.
You take 1 damage, and have 34/44 hp.
You hit the wraith but do no damage. The wraith hits you.
The wraith drains your vigour!
You feel as though you will be slow longer.
The wraith hits you!
You take 11 damage, and have 23/44 hp.
MASSIVE DAMAGE!!
Your skin is crawling a little less now.
The wraith barely misses you.
You closely miss the wraith. You bite the wraith, but do no damage.
The wraith barely misses you. The wraith hits you.
The wraith drains your vigour!
You feel as though you will be slow longer.
You hit the wraith. Your bite misses the wraith.
Your skin stops crawling.
The wraith barely misses you. The wraith closely misses you.
Your leather armour prevents you from hitting the wraith.
The wraith hits you. The wraith drains your vigour!
You feel as though you will be slow longer.
The wraith barely misses you.
You take 6 damage, and have 21/44 hp.
The wraith hits you. The wraith drains your vigour!
You feel as though you will be slow longer.
You take 4 damage, and have 17/44 hp.
You hit the wraith but do no damage. The wraith closely misses you. x2
You avoid triggering a needle trap.
There is a needle trap here.
MP restored: 14 The wraith hits you!
* * * LOW HITPOINT WARNING * * *
The wraith drains your vigour!
You feel as though you will be slow longer.
You take 8 damage, and have 10/44 hp.
The wraith closely misses you.
Your skin crawls.
The wraith hits you but does no damage.
You regained 2 hp, and now have 12/44 hp.
You now have 11/14 mp.
An arrow shoots out and hits you!
* * * LOW HITPOINT WARNING * * *
There is an arrow trap here.
You take 6 damage, and have 6/44 hp.
You found an arrow trap!
An arrow misses the wraith!
The wraith hits you!
You die...

#.......###.......## #.. #W#
....8...#.#...8....+∆#..# ###
#.......#'#.......####..# ##.##
........#.#.............###...##
........................##.....#
#..####.....####^.####..'...∩...
...#!'...8...'.#...+ #..'.......
#..####.....####..####..'...∩...
..........^...W@^.^...^.##.....#
........#.#.............###...##
#.......#+#.......####..# ##.##
....8...#∆#...8....'.#..# ###
#.......###.......####..# #W#
........................# ###
...#.#..#.#..#.#........#
#..#+#..#'#..#'#..####..# ..
∆#..#.#..#.#...'.#..#


You could see a wraith.

Vanquished Creatures
  An ogre (D:4)
  A hound (D:2)
  Jessica (D:3)
  Terence (D:3)
  An orc wizard (D:4)
  2 mummies (Ossuary)
  4 adders
  An ooze (D:2)
  2 worms (D:3)
  2 dart slugs
  3 leopard geckos
  5 orcs
  9 giant cockroaches
  6 goblins
  14 hobgoblins
  12 jackals
  7 kobolds
  3 quokkas
  3 ball pythons
  5 bats
  3 frilled lizards
  3 goblin zombies (Ossuary)
  5 hobgoblin zombies (Ossuary)
  2 kobold zombies (Ossuary)
  8 rats
104 creatures vanquished.

Notes
Turn   | Place    | Note
-------+----------+-------------------------------------------
     0 | D:1      | shakethe the Gnoll Necromancer began the quest for the Orb.
     0 | D:1      | Reached XP level 1. HP: 13/13 MP: 6/6
    38 | D:1      | HP: 3/13 [goblin (1)]
   362 | D:1      | HP: 3/13 [hobgoblin (6)]
   369 | D:1      | Reached XP level 2. HP: 4/19 MP: 4/7
   522 | D:1      | HP: 4/20 [dart slug (1)]
  1082 | D:1      | Reached XP level 3. HP: 24/25 MP: 6/9
  1094 | D:1      | Reached skill level 5 in Spellcasting
  1575 | D:2      | Reached skill level 1 in Invocations
  1752 | D:2      | Reached skill level 1 in Fighting
  1752 | D:2      | Reached skill level 1 in Short Blades
  1752 | D:2      | Reached skill level 1 in Long Blades
  1752 | D:2      | Reached skill level 1 in Axes
  1752 | D:2      | Reached skill level 1 in Maces & Flails
  1752 | D:2      | Reached skill level 1 in Polearms
  1752 | D:2      | Reached skill level 1 in Staves
  1752 | D:2      | Reached skill level 1 in Slings
  1752 | D:2      | Reached skill level 1 in Bows
  1752 | D:2      | Reached skill level 1 in Crossbows
  1752 | D:2      | Reached skill level 1 in Throwing
  1752 | D:2      | Reached skill level 1 in Armour
  1752 | D:2      | Reached skill level 1 in Shields
  1752 | D:2      | Reached skill level 1 in Unarmed Combat
  1752 | D:2      | Reached skill level 1 in Evocations
  1792 | D:2      | Found a glowing golden altar of the Shining One.
  1900 | D:2      | Reached XP level 4. HP: 29/32 MP: 6/11
  2163 | D:2      | Reached skill level 1 in Conjurations
  2163 | D:2      | Reached skill level 1 in Hexes
  2163 | D:2      | Reached skill level 1 in Charms
  2163 | D:2      | Reached skill level 1 in Summonings
  2163 | D:2      | Reached skill level 1 in Translocations
  2163 | D:2      | Reached skill level 1 in Transmutations
  2163 | D:2      | Reached skill level 1 in Fire Magic
  2163 | D:2      | Reached skill level 1 in Ice Magic
  2163 | D:2      | Reached skill level 1 in Air Magic
  2163 | D:2      | Reached skill level 1 in Earth Magic
  2163 | D:2      | Reached skill level 1 in Poison Magic
  2211 | D:2      | Found a deep blue altar of Sif Muna.
  2318 | D:2      | Reached XP level 5. HP: 23/37 MP: 7/12
  2395 | D:3      | Noticed Jessica
  2399 | D:3      | Killed Jessica
  2529 | D:3      | Noticed Terence
  2535 | D:3      | Killed Terence
  2597 | D:3      | Learned a level 3 spell: Vampiric Draining
  2601 | D:3      | Learned a level 3 spell: Regeneration
  2905 | D:3      | Reached XP level 6. HP: 42/44 MP: 9/13
  3177 | D:4      | Reached skill level 2 in Invocations
  3228 | D:4      | Reached skill level 2 in Fighting
  3228 | D:4      | Reached skill level 2 in Short Blades
  3228 | D:4      | Reached skill level 2 in Long Blades
  3228 | D:4      | Reached skill level 2 in Axes
  3228 | D:4      | Reached skill level 2 in Maces & Flails
  3228 | D:4      | Reached skill level 2 in Polearms
  3228 | D:4      | Reached skill level 2 in Staves
  3228 | D:4      | Reached skill level 2 in Slings
  3228 | D:4      | Reached skill level 2 in Bows
  3228 | D:4      | Reached skill level 2 in Crossbows
  3228 | D:4      | Reached skill level 2 in Throwing
  3228 | D:4      | Reached skill level 2 in Armour
  3228 | D:4      | Reached skill level 5 in Dodging
  3228 | D:4      | Reached skill level 2 in Shields
  3228 | D:4      | Reached skill level 2 in Unarmed Combat
  3228 | D:4      | Reached skill level 2 in Evocations
  3466 | D:4      | Found a sand-covered staircase.
  3518 | Ossuary  | Entered an ossuary
  3518 | Ossuary  | Noticed a wraith
  3518 | Ossuary  | Noticed a wraith
  3518 | Ossuary  | Noticed a wraith
  3708 | Ossuary  | Noticed a wraith
  3724 | Ossuary  | HP: 10/44 [wraith (8)]
  3728 | Ossuary  | HP: 4/44 [arrow trap (8)]
  3729 | Ossuary  | Slain by a wraith

Skill      XL: |  1  2  3  4  5  6 |
---------------+-------------------+-----
Spellcasting   | 5 |  5.4
Invocations    | 1 2 |  2.2
Fighting       | 1 2 |  2.0
Short Blades   | 1 2 |  2.0
Long Blades    | 1 2 |  2.0
Axes           | 1 2 |  2.0
Maces & Flails | 1 2 |  2.0
Polearms       | 1 2 |  2.0
Staves         | 1 2 |  2.0
Slings         | 1 2 |  2.0
Bows           | 1 2 |  2.0
Crossbows      | 1 2 |  2.0
Throwing       | 1 2 |  2.0
Armour         | 1 2 |  2.0
Shields        | 1 2 |  2.0
Unarmed Combat | 1 2 |  2.0
Evocations     | 1 2 |  2.0
Conjurations   | 1 |  1.6
Hexes          | 1 |  1.6
Charms         | 1 |  1.6
Summonings     | 1 |  1.6
Translocations | 1 |  1.6
Transmutations | 1 |  1.6
Fire Magic     | 1 |  1.6
Ice Magic      | 1 |  1.6
Air Magic      | 1 |  1.6
Earth Magic    | 1 |  1.6
Poison Magic   | 1 |  1.6
Dodging        | 5 |  5.0
Stealth        | |  4.6
Necromancy     | |  7.3

Action                   |  1- 3 |  4- 6 || total
-------------------------+-------+-------++-------
Melee: Club              |     7 |       ||     7
       Bite              |     2 |     6 ||     8
       Flail             |       |    49 ||    49
       Punch             |       |     1 ||     1
 Cast: Pain              |    74 |   106 ||   180
       Regeneration      |       |     4 ||     4
  Use: Scroll            |       |     4 ||     4
 Stab: Sleeping          |       |     1 ||     1
  Eat: Chunk             |     3 |    17 ||    20
Armor: Leather armour    |     4 |     9 ||    13
Dodge: Dodged            |    29 |    37 ||    66

Vault maps used:
D:1:      lightli_arrival_boilingwater
D:2:      tso_altar, led_sif_pool
D:3:      first_ration, uniq_terence, uniq_jessica
D:4:      nicolae_ossuary_entry_false_entrances
Ossuary:  ossuary_kennysheep_city_of_the_dead

Table legend:
 A = Turns spent in this place as a percentage of turns spent in the entire game.
 B = Non-inter-level travel turns spent in this place as a percentage of non-inter-level travel turns spent in the entire game.
 C = Inter-level travel turns spent in this place as a percentage of turns spent in this place.
 D = Turns resting spent in this place as a percentage of non-inter-level travel turns spent in this place.
 E = Turns spent auto-exploring this place as a percentage of non-inter-level travel turns spent in this place.
 F = Non-inter-level travel turns spent in this place divided by the number of levels of this place that you've seen.
                   A       B       C       D       E      F
               +-------+-------+-------+-------+-------+----------------------
         Total | 100.0 | 100.0 |   1.0 |  30.3 |  43.2 | 738.2
       Dungeon |  94.3 |  94.3 |   1.1 |  32.1 |  43.3 | 870.0
       Ossuary |   5.7 |   5.7 |   0.0 |   0.0 |  42.2 | 211.0
               +-------+-------+-------+-------+-------+----------------------

Table legend:
 A = Kills in this place as a percentage of kills in entire the game.
 B = Kills by you in this place as a percentage of kills by you in the entire game.
 C = Kills by friends in this place as a percentage of kills by friends in the entire game.
 D = Other kills in this place as a percentage of other kills in the entire game.
 E = Experience gained in this place as a percentage of experience gained in the entire game.
 F = Experience gained in this place divided by the number of levels of this place that you have seen.
                   A       B       C       D       E      F
               +-------+-------+-------+-------+-------+----------------------
         Total | 100.0 | 100.0 |   N/A |   N/A | 100.0 | 106.0
       Dungeon |  89.3 |  89.3 |   N/A |   N/A |  91.5 | 121.2
       Ossuary |  10.7 |  10.7 |   N/A |   N/A |   8.5 |  45.0
               +-------+-------+-------+-------+-------+----------------------
